 Dungeon Crawl Stone Soup version 0.29-a0-824-gd827844252 (webtiles) character file.

Game seed: 4351658765764737310

230 Sabo the Shield-Bearer (level 6, 0/48 HPs)
             Began as a Formicid Fighter on July 10, 2022.
             Was a Believer of Qazlal.
             Succumbed to Crazy Yiuf's poison
             ... on level 3 of the Dungeon.
             The game lasted 00:17:23 (3737 turns).

Sabo the Shield-Bearer (Formicid Fighter)           Turns: 3737, Time: 00:17:24

Health: 0/48       AC:  8    Str: 23    XL:     6   Next: 24%
Magic:  6/6        EV: 10    Int:  7    God:    Qazlal [**....]
Gold:   141        SH: 13    Dex: 13    Spells: 5/5 levels left

rFire   . . .      SeeInvis +   a - +0 war axe
rCold   . . .      Faith    .   c - +0 buckler
rNeg    . . .      Spirit   .   b - +0 scale mail
rPois   .          Reflect  +   (helmet unavailable)
rElec   .          Harm     .   (no cloak)
rCorr   .          Rampage  .   j - +0 pair of gloves
Will    .....                   (no boots)
Stlth   ..........              e - amulet of reflection
HPRegen 0.16/turn               (no ring)
MPRegen 0.10/turn               (no ring)

@: lethally poisoned (0 -> -7)
A: permanent stasis, dig shafts and tunnels, antennae 3, four strong arms
a: Dig, Shaft Self, Renounce Religion, Upheaval


You were on level 3 of the Dungeon.
You worshipped Qazlal.
Qazlal was pleased with you.
You visited 1 branch of the dungeon, and saw 3 of its levels.

You collected 141 gold pieces.

Inventory:

Hand Weapons
 a - a +0 war axe (weapon)
 f - a +4 dagger
 k - a +1 spear of venom
 n - a +0 shortbow
Armour
 b - a +0 scale mail (worn)
 c - a +0 buckler (worn)
 j - a +0 pair of gloves (worn)
Jewellery
 e - an amulet of reflection (around neck)
Scrolls
 g - a scroll of fear
 o - a scroll of vulnerability {unknown}
Potions
 d - a potion of might
 i - 2 potions of curing
 m - a potion of lignification {unknown}


   Skills:
 + Level 3.8 Fighting
 + Level 3.9 Axes
 + Level 4.1 Armour
 + Level 1.1 Dodging
 + Level 0.4 Stealth
 + Level 5.7 Shields


You had 5 spell levels left.
You didn't know any spells.
Your spell library contained the following spells:

 Spells                   Type           Power      Damage    Failure   Level
 Confusing Touch          Hex            0%         N/A       99%         3
 Yara's Violent Unravell  Hex/Tmut       0%         3d3       100%        5
 Enfeeble                 Hex            0%         N/A       100%        7


Dungeon Overview and Level Annotations

Branches:
Dungeon (3/15)

Altars:
Qazlal

Annotations:
D:3 Crazy Yiuf


Innate Abilities, Weirdness & Mutations

You cannot be hasted, slowed, berserked, paralysed or teleported.
You can dig through walls and to a lower floor.
You have a pair of large antennae on your head. (SInv)
Your four strong arms can wield two-handed weapons with a shield.


Message History

There is a stone staircase leading up here.
Found 10 gold pieces.
You now have 141 gold pieces (gained 10).
There is an open door here.
There is an open door here.
You see here a +0 dagger.
Things that are here:
a +0 club; a +0 club
There is an open door here.
Items here: )))).
You open the door.
Crazy Yiuf cries, "Mountain!"
Crazy Yiuf zaps a wand.
The bolt of light hits you!
Crazy Yiuf hits you with a +4 quarterstaff of chaos!
You are lethally poisoned!
There is an open translucent door here.
You closely miss Crazy Yiuf.
* * * LOW HITPOINT WARNING * * *
You feel extremely sick. Crazy Yiuf barely misses you.
You slash Crazy Yiuf!
Crazy Yiuf is heavily wounded.
* * * LOW HITPOINT WARNING * * *
You feel very sick.
Crazy Yiuf cries, "Race cloud green!"
You block Crazy Yiuf's attack.
You hit Crazy Yiuf.
Crazy Yiuf is severely wounded.
* * * LOW HITPOINT WARNING * * *
You feel very sick.
Crazy Yiuf cries, "Adder!"
You block Crazy Yiuf's attack. Crazy Yiuf closely misses you.
You barely miss Crazy Yiuf.
Crazy Yiuf is severely wounded.
* * * LOW HITPOINT WARNING * * *
You feel very sick. You block Crazy Yiuf's attack.
You barely miss Crazy Yiuf.
Crazy Yiuf is severely wounded.
You die...

## #.# .#
####.##
.###.#...###
.##........#
.##......###
#####
.#......##
#)..#
........##
#...#
.......).#
#.g.#
#.......##
#@#
##.......##
#.##
##.......##
##.#
##.......#
#.##
###........#
##.#
..+........#
##.##
###........#
##...#
##.......#
#....#
##.....##
#....#


You could see Crazy Yiuf.

Vanquished Creatures
  A centaur (D:3)
  Jessica (D:3)
  Robin (D:3)
  An adder (D:2)
  4 worms
  5 orcs (D:3)
  5 ball pythons (D:1)
  7 endoplasms
  4 giant cockroaches
  12 hobgoblins
  3 jackals (D:3)
  A kobold (D:2)
  3 quokkas
  9 bats
  2 frilled lizards
  16 goblins
  6 rats
81 creatures vanquished.

Notes
Turn   | Place    | Note
-------+----------+-------------------------------------------
     0 | D:1      | Sabo the Formicid Fighter began the quest for the Orb.
     0 | D:1      | Reached XP level 1. HP: 18/18 MP: 1/1
   128 | D:1      | Reached XP level 2. HP: 23/24 MP: 2/2
   210 | D:1      | Noticed a floating eye
   212 | D:1      | Found a faded altar of an unknown god.
   225 | D:1      | Noticed a great orb of eyes
   225 | D:1      | Noticed a great orb of eyes
   225 | D:1      | Noticed a golden eye
   243 | D:1      | Prayed at the altar of an unknown god.
   243 | D:1      | Became a worshipper of Qazlal Stormbringer
   243 | D:1      | Reached * piety under Qazlal
   457 | D:1      | Reached XP level 3. HP: 25/29 MP: 3/3
  1125 | D:2      | Reached XP level 4. HP: 21/35 MP: 4/4
  1406 | D:2      | Reached skill level 5 in Shields
  1787 | D:3      | Reached ** piety under Qazlal
  1915 | D:3      | Noticed Jessica
  1926 | D:3      | Killed Jessica
  2332 | D:3      | Reached XP level 5. HP: 41/41 MP: 5/5
  2759 | D:3      | Noticed Robin
  2783 | D:3      | Killed Robin
  2947 | D:3      | Found a runed translucent door.
  3188 | D:3      | Noticed a centaur
  3196 | D:3      | Killed a centaur
  3197 | D:3      | Reached skill level 1 in Dodging
  3197 | D:3      | Reached XP level 6. HP: 26/48 MP: 6/6
  3728 | D:3      | Noticed Crazy Yiuf
  3736 | D:3      | HP: 2/48 [poisoned by Crazy Yiuf]
  3737 | D:3      | Succumbed to Crazy Yiuf's poison

Illustrated notes

Levels and vault maps discovered:
D:1:      nicolae_arrival_memento_mori, layout_rooms,
          hellmonk_ecumenical_altar_watching_god
D:2:      layout_basic
D:3:      layout_loops_corners, minmay_goblin_kobold_house, uniq_jessica,
          uniq_robin, uniq_crazy_yiuf_cottage

Skill      XL: |  1  2  3  4  5 |
---------------+----------------+-----
Shields        | 5 |  5.7
Axes           | 3 |  3.9
Armour         | 4 |  4.1
Dodging        | 1 |  1.1
Fighting       | |  3.8
Stealth        | |  0.4

Action                   |  1- 3 |  4- 6 || total
-------------------------+-------+-------++-------
Melee: War axe           |    95 |   125 ||   220
  Use: Scroll            |     2 |     5 ||     7
Armor: Scale mail        |    35 |    47 ||    82
Dodge: Dodged            |    31 |    35 ||    66
Block: Buckler           |    59 |    91 ||   150
       Reflection        |       |     1 ||     1

Table legend: (Time is in decaauts)
 A = Elapsed time spent in this place.
 B = Non-inter-level travel time spent in this place.
 C = Inter-level travel time spent in this place.
 D = Time resting spent in this place.
 E = Time spent auto-exploring this place.
 F = Levels seen in this place.
 G = Mean time per level.
                   A        B        C        D        E       F      G
               +--------+--------+--------+--------+--------+-----+--------+
         Total |   3823 |   3823 |      0 |   1301 |      0 |   3 | 1274.3 |
       Dungeon |   3823 |   3823 |      0 |   1301 |      0 |   3 | 1274.3 |
               +--------+--------+--------+--------+--------+-----+--------+

Top non-repeatable levels by time:
     D:3: 2003 daAuts
     D:2: 923 daAuts
     D:1: 897 daAuts
